TOP OF THE 1ST |
Kansas City Royals batting - Pitching for Oakland Athletics : LHP Gio Gonzalez
|
Pitching: LHP Gio Gonzalez
|
|
Batting: RHB Dansby Swanson
|
0-0: Ball 1-0: Called Strike 1-1: Ball 2-1: Foul Ball, location: 2F 2-2: Ground out 1-3 (Groundball, 13S)
|
Batting: LHB Jesse Winker
|
0-0: Ball 1-0: Foul Ball, location: 2F 1-1: Ball 2-1: Ground out 6-3 (Groundball, 6)
|
Batting: SHB Melky Cabrera
|
0-0: Ground out 4-3 (Groundball, 4)
|
Top of the 1st over - 0 runs, 0 hits, 0 errors, 0 left on base; Kansas City 0 - Oakland 0 |
BOTTOM OF THE 1ST |
Oakland Athletics batting - Pitching for Kansas City Royals : RHP Jordan Zimmermann
|
Pitching: RHP Jordan Zimmermann
|
|
Batting: RHB DJ LeMahieu
|
0-0: Called Strike 0-1: Ground out 5-3 (Groundball, 5L)
|
Batting: LHB Herschel Powell
|
0-0: Called Strike 0-1: Ball 1-1: Foul Ball, location: 2F 1-2: Strikes out swinging
|
Batting: RHB Rhys Hoskins
|
0-0: Called Strike 0-1: Foul Ball, location: 2F 0-2: Fly out, F4 (Popup, 4MD)
|
Bottom of the 1st over - 0 runs, 0 hits, 0 errors, 0 left on base; Kansas City 0 - Oakland 0 |
TOP OF THE 2ND |
Kansas City Royals batting - Pitching for Oakland Athletics : LHP Gio Gonzalez
|
Batting: LHB Lonnie Chisenhall
|
0-0: Called Strike 0-1: Swinging Strike 0-2: Strikes out swinging
|
Batting: RHB Albert Pujols
|
0-0: Ball 1-0: Ball 2-0: Called Strike 2-1: Called Strike 2-2: Foul Ball, location: 2F 2-2: Ball 3-2: Strikes out swinging
|
Batting: SHB Matt Wieters
|
0-0: Foul Ball, location: 2F 0-1: Foul Ball, location: 2F 0-2: Ball 1-2: Strikes out swinging, 2-3 out at first.
|
Top of the 2nd over - 0 runs, 0 hits, 0 errors, 0 left on base; Kansas City 0 - Oakland 0 |
BOTTOM OF THE 2ND |
Oakland Athletics batting - Pitching for Kansas City Royals : RHP Jordan Zimmermann
|
Batting: RHB Paul Goldschmidt
|
0-0: Called Strike 0-1: Ground out 6-3 (Groundball, 56)
|
Batting: LHB Didi Gregorius
|
0-0: Ball 1-0: Called Strike 1-1: Foul Ball, location: 2F 1-2: Ball 2-2: Foul Ball, location: 2F 2-2: Ground out 4-3 (Groundball, 4)
|
Batting: RHB Guillermo Heredia
|
0-0: Called Strike 0-1: Ball 1-1: Called Strike 1-2: Foul Ball, location: 2F 1-2: Ball 2-2: Strikes out swinging
|
Bottom of the 2nd over - 0 runs, 0 hits, 0 errors, 0 left on base; Kansas City 0 - Oakland 0 |
TOP OF THE 3RD |
Kansas City Royals batting - Pitching for Oakland Athletics : LHP Gio Gonzalez
|
Batting: SHB Jurickson Profar
|
0-0: Fly out, F8 (Line Drive, 8RM)
|
Batting: RHB Ronald Torreyes
|
0-0: Ball 1-0: SINGLE (Line Drive, 4D)
|
Batting: RHB Giovanny Urshela
|
Pickoff Throw to First - Out! 1-3 0-0: Foul Ball, location: 2F 0-1: Ground out 5-3 (Groundball, 56)
|
Top of the 3rd over - 0 runs, 1 hit, 0 errors, 0 left on base; Kansas City 0 - Oakland 0 |
BOTTOM OF THE 3RD |
Oakland Athletics batting - Pitching for Kansas City Royals : RHP Jordan Zimmermann
|
Batting: RHB Cam Gallagher
|
0-0: Called Strike 0-1: Fly out, F6 (Popup, 6M)
|
Batting: SHB Marwin Gonzalez
|
0-0: Ball 1-0: SINGLE (Line Drive, 34D)
|
Batting: SHB Kaleb Cowart
|
0-0: Called Strike 0-1: Called Strike 0-2: Strikes out swinging
|
Batting: RHB DJ LeMahieu
|
0-0: SINGLE (Groundball, 3D) Marwin Gonzalez to second Runner from 2nd tries for 3rd, SAFE, throw by RF made to third
|
Batting: LHB Herschel Powell
|
0-0: Foul Ball, location: 2F 0-1: Ball 1-1: Fly out, F8 (Flyball, 8RXD)
|
Bottom of the 3rd over - 0 runs, 2 hits, 0 errors, 2 left on base; Kansas City 0 - Oakland 0 |
TOP OF THE 4TH |
Kansas City Royals batting - Pitching for Oakland Athletics : LHP Gio Gonzalez
|
Batting: RHB Dansby Swanson
|
0-0: Ball 1-0: Ball 2-0: Foul Ball, location: 2F 2-1: Called Strike 2-2: Foul Ball, location: 2F 2-2: Fly out, F5 (Line Drive, 5)
|
Batting: LHB Jesse Winker
|
0-0: Foul Ball, location: 2F 0-1: DOUBLE (Line Drive, 9LM)
|
Batting: SHB Melky Cabrera
|
0-0: Ball 1-0: Foul Ball, location: 2F 1-1: Called Strike 1-2: Foul Ball, location: 2F 1-2: Strikes out swinging
|
Batting: LHB Lonnie Chisenhall
|
0-0: Called Strike 0-1: Called Strike 0-2: Ball 1-2: Ball 2-2: Foul Ball, location: 2F 2-2: Fly out, F8 (Flyball, 89M)
|
Top of the 4th over - 0 runs, 1 hit, 0 errors, 1 left on base; Kansas City 0 - Oakland 0 |
BOTTOM OF THE 4TH |
Oakland Athletics batting - Pitching for Kansas City Royals : RHP Jordan Zimmermann
|
Batting: RHB Rhys Hoskins
|
0-0: SINGLE (Line Drive, 8LS)
|
Batting: RHB Paul Goldschmidt
|
0-0: Ball 1-0: Ball 2-0: Ball 3-0: Base on Balls Rhys Hoskins to second
|
Batting: LHB Didi Gregorius
|
0-0: Ball 1-0: DOUBLE (Flyball, 8LXD) Rhys Hoskins scores Paul Goldschmidt to third
|
Batting: RHB Guillermo Heredia
|
0-0: Ground out 6-3 (Groundball, 56) Paul Goldschmidt scores
|
Batting: RHB Cam Gallagher
|
0-0: Ball 1-0: Called Strike 1-1: Ball 2-1: SINGLE (Line Drive, 56D) Didi Gregorius to third Runner from 3rd tries for Home, SAFE, throw by LF to home
|
Batting: SHB Marwin Gonzalez
|
0-0: DOUBLE (Flyball, 8RXD) Cam Gallagher to third Runner from 3rd tries for Home, SAFE, no throw by CF
|
Batting: SHB Kaleb Cowart
|
0-0: Called Strike 0-1: Foul Ball, location: 2F 0-2: Ball 1-2: Fly out, F8 (Flyball, 78S)
|
Batting: RHB DJ LeMahieu
|
0-0: Ground out 1-3 (Groundball, 23)
|
Bottom of the 4th over - 4 runs, 4 hits, 0 errors, 1 left on base; Kansas City 0 - Oakland 4 |
TOP OF THE 5TH |
Kansas City Royals batting - Pitching for Oakland Athletics : LHP Gio Gonzalez
|
Batting: RHB Albert Pujols
|
0-0: Foul Ball, location: 2F 0-1: SINGLE (Flyball, 78S)
|
Batting: SHB Matt Wieters
|
0-0: Swinging Strike 0-1: Ball 1-1: Ball 2-1: Swinging Strike 2-2: Foul Ball, location: 2F 2-2: Ball 3-2: Base on Balls Albert Pujols to second
|
Batting: SHB Jurickson Profar
|
0-0: Called Strike 0-1: Swinging Strike 0-2: Grounds into double play, 6-4-3 (Groundball, 56) Albert Pujols to third
|
Batting: RHB Ronald Torreyes
|
0-0: Called Strike 0-1: Ball 1-1: Foul Ball, location: 2F 1-2: Ball 2-2: Fly out, F9 (Line Drive, 9)
|
Top of the 5th over - 0 runs, 1 hit, 0 errors, 1 left on base; Kansas City 0 - Oakland 4 |
BOTTOM OF THE 5TH |
Oakland Athletics batting - Pitching for Kansas City Royals : RHP Jordan Zimmermann
|
Batting: LHB Herschel Powell
|
0-0: Called Strike 0-1: Foul Ball, location: 2F 0-2: Ball 1-2: Foul Ball, location: 2F 1-2: Ball 2-2: Ball 3-2: SINGLE (Line Drive, 34D)
|
Batting: RHB Rhys Hoskins
|
0-0: Ball 1-0: 2-RUN HOME RUN (Flyball, 9D), Distance : 385 ft
|
Batting: RHB Paul Goldschmidt
|
0-0: Called Strike 0-1: Ball 1-1: Swinging Strike 1-2: Ball 2-2: Fly out, F3 (Popup, 3SF)
|
Batting: LHB Didi Gregorius
|
0-0: Called Strike 0-1: Ball 1-1: Ball 2-1: DOUBLE (Line Drive, 89D)
|
Batting: RHB Guillermo Heredia
|
0-0: Ball 1-0: Called Strike 1-1: Called Strike 1-2: Fly out, F8 (Line Drive, 8RM)
|
Batting: RHB Cam Gallagher
|
0-0: Foul Ball, location: 2F 0-1: Foul Ball, location: 2F 0-2: Fly out, F7 (Flyball, 7D)
|
Bottom of the 5th over - 2 runs, 3 hits, 0 errors, 1 left on base; Kansas City 0 - Oakland 6 |
TOP OF THE 6TH |
Kansas City Royals batting - Pitching for Oakland Athletics : LHP Gio Gonzalez
|
Batting: RHB Giovanny Urshela
|
0-0: Called Strike 0-1: Called Strike 0-2: DOUBLE (Flyball, 78D)
|
Batting: RHB Dansby Swanson
|
0-0: Called Strike 0-1: Ball 1-1: Ball 2-1: Ground out 4-3 (Groundball, 6M) Giovanny Urshela to third
|
Batting: LHB Jesse Winker
|
0-0: Ball 1-0: Ball 2-0: Ball 3-0: Base on Balls
|
Batting: SHB Melky Cabrera
|
0-0: Ball 1-0: Called Strike 1-1: Grounds into double play, 6-4-3 (Groundball, 6)
|
Top of the 6th over - 0 runs, 1 hit, 0 errors, 1 left on base; Kansas City 0 - Oakland 6 |
BOTTOM OF THE 6TH |
Oakland Athletics batting - Pitching for Kansas City Royals : RHP Jordan Zimmermann
|
Batting: SHB Marwin Gonzalez
|
0-0: Called Strike 0-1: Foul Ball, location: 2F 0-2: Foul Ball, location: 2F 0-2: Ground out 4-3 (Groundball, 34D)
|
Pitching: LHP Kyle Freeland
|
|
Batting: SHB Kaleb Cowart
|
0-0: Called Strike 0-1: Foul Ball, location: 2F 0-2: Ball 1-2: Foul Ball, location: 2F 1-2: Foul Ball, location: 2F 1-2: Ball 2-2: Foul Ball, location: 2F 2-2: Fly out, F9 (Flyball, 9D)
|
Batting: RHB DJ LeMahieu
|
0-0: Ground out 4-3 (Groundball, 4)
|
Bottom of the 6th over - 0 runs, 0 hits, 0 errors, 0 left on base; Kansas City 0 - Oakland 6 |
TOP OF THE 7TH |
Kansas City Royals batting - Pitching for Oakland Athletics : LHP Gio Gonzalez
|
Batting: LHB Lonnie Chisenhall
|
0-0: Swinging Strike 0-1: Swinging Strike 0-2: Ball 1-2: Ball 2-2: Foul Ball, location: 2F 2-2: Ball 3-2: SINGLE (Groundball, 4MD)
|
Batting: RHB Albert Pujols
|
0-0: Grounds into double play, U4-3 (Groundball, 6MD)
|
Batting: SHB Matt Wieters
|
0-0: Called Strike 0-1: Ball 1-1: Fly out, F9 (Flyball, 9D)
|
Top of the 7th over - 0 runs, 1 hit, 0 errors, 0 left on base; Kansas City 0 - Oakland 6 |
BOTTOM OF THE 7TH |
Oakland Athletics batting - Pitching for Kansas City Royals : LHP Kyle Freeland
|
Batting: LHB Herschel Powell
|
0-0: Ground out 1-3 (Groundball, 23)
|
Batting: RHB Rhys Hoskins
|
0-0: Swinging Strike 0-1: DOUBLE (Line Drive, 5D)
|
Batting: RHB Paul Goldschmidt
|
0-0: Called Strike 0-1: Swinging Strike 0-2: Foul Ball, location: 2F 0-2: Ball Wild Pitch! Rhys Hoskins to third 1-2: Strikes out swinging
|
Batting: LHB Didi Gregorius
|
0-0: Ground out 4-3 (Groundball, 34)
|
Bottom of the 7th over - 0 runs, 1 hit, 0 errors, 1 left on base; Kansas City 0 - Oakland 6 |
TOP OF THE 8TH |
Kansas City Royals batting - Pitching for Oakland Athletics : LHP Gio Gonzalez
|
Batting: SHB Jurickson Profar
|
0-0: Foul Ball, location: 2F 0-1: Ball 1-1: Ball 2-1: Called Strike 2-2: Ground out 5-3 (Groundball, 56S)
|
Batting: RHB Ronald Torreyes
|
0-0: Foul Ball, location: 2F 0-1: Ball 1-1: Ground out 5-3 (Groundball, 56)
|
Batting: RHB Giovanny Urshela
|
0-0: Called Strike 0-1: Swinging Strike 0-2: Ball 1-2: Strikes out swinging
|
Top of the 8th over - 0 runs, 0 hits, 0 errors, 0 left on base; Kansas City 0 - Oakland 6 |
BOTTOM OF THE 8TH |
Oakland Athletics batting - Pitching for Kansas City Royals : LHP Kyle Freeland
|
Batting: RHB Guillermo Heredia
|
0-0: Ball 1-0: SINGLE (Groundball, 4MD)
|
Batting: RHB Cam Gallagher
|
0-0: Ball 1-0: Ball 2-0: Swinging Strike 2-1: Called Strike 2-2: Foul Ball, location: 2F 2-2: DOUBLE (Line Drive, 7LM) Guillermo Heredia to third
|
Pitching: RHP Adam Ottavino
|
|
Batting: SHB Marwin Gonzalez
|
0-0: Ball 1-0: Ground out 4-3 (Groundball, 4) Guillermo Heredia scores Cam Gallagher to third
|
Batting: SHB Kaleb Cowart
|
0-0: Ball 1-0: Foul Ball, location: 2F 1-1: Ball 2-1: Ball 3-1: Base on Balls
|
Batting: RHB DJ LeMahieu
|
0-0: Ball Kaleb Cowart is caught stealing 2nd base 2-4 1-0: Ball 2-0: Called Strike 2-1: SINGLE (Flyball, 9LS) Cam Gallagher scores
|
Batting: LHB Herschel Powell
|
0-0: Called Strike 0-1: Swinging Strike 0-2: Ball 1-2: Ball 2-2: SINGLE (Groundball, 25) (infield hit) DJ LeMahieu to second
|
Batting: RHB Rhys Hoskins
|
0-0: Ball 1-0: Foul Ball, location: 2F 1-1: Hit by Pitch DJ LeMahieu to third Herschel Powell to second
|
Pitching: RHP Arodys Vizcaino
|
|
Batting: RHB Paul Goldschmidt
|
0-0: Swinging Strike 0-1: Ball 1-1: Foul Ball, location: 2F 1-2: Ball 2-2: Ball 3-2: Ground out 4-3 (Groundball, 4)
|
Bottom of the 8th over - 2 runs, 4 hits, 0 errors, 3 left on base; Kansas City 0 - Oakland 8 |
TOP OF THE 9TH |
Kansas City Royals batting - Pitching for Oakland Athletics : LHP Gio Gonzalez
|
Batting: RHB Dansby Swanson
|
0-0: Ball 1-0: Foul Ball, location: 2F 1-1: SINGLE (Line Drive, 7S)
|
Batting: LHB Jesse Winker
|
0-0: Called Strike 0-1: Swinging Strike 0-2: Grounds into double play, 2-4-3 (Groundball, 2L)
|
Batting: SHB Melky Cabrera
|
0-0: Swinging Strike 0-1: Called Strike 0-2: SINGLE (Groundball, 6MD)
|
Batting: LHB Lonnie Chisenhall
|
0-0: Called Strike 0-1: Ball 1-1: Ball 2-1: Foul Ball, location: 2F 2-2: DOUBLE (Flyball, 8LXD) Melky Cabrera to third
|
Batting: RHB Albert Pujols
|
0-0: Ball 1-0: Called Strike 1-1: SINGLE (Line Drive, 78S) Melky Cabrera scores Lonnie Chisenhall to third
|
Pitching: RHP Chasen Bradford
|
|
Batting: SHB Matt Wieters
|
0-0: Foul Ball, location: 2F 0-1: SINGLE (Line Drive, 89S) Lonnie Chisenhall scores Albert Pujols to second
|
Batting: SHB Jurickson Profar
|
0-0: Ball 1-0: Ball 2-0: Fly out, F9 (Flyball, 9LS)
|
Top of the 9th over - 2 runs, 5 hits, 0 errors, 2 left on base; Kansas City 2 - Oakland 8 |
|